2742 views
Uploaded 2019-12-30 15:41:20
Game version 1.32.0.4
21:47 long 3on3 ladder game on (6)Monsoon_LV
Saved by BEARAND
2742 views
Uploaded 2019-12-30 15:41:20
Game version 1.32.0.4
21:47 long 3on3 ladder game on (6)Monsoon_LV


65 units @ 5.5k
/ 0.2k
186 buildings @ 14.1k
/ 8k



x1)
| Lesser Clarity Potion | 1 | 70 |
| Staff of Sanctuary | 3 | 750 |
| Orb of Fire | 2 | 650 |
| Boots of Speed | 3 | 750 |
| Staff of Teleportation | 3 | 450 |
| Tome of Retraining | 1 | 300 |
| Periapt of Vitality | 1 | 325 |
| Circlet of Nobility | 1 | 175 |
| Healing Salve | 1 | 100 |
| Orb of Lightning | 1 | 375 |
| total: | 17 | 3945g |
| Peasant | 21 | 1575 | / | 0 |
| Dragonhawk Rider | 3 | 600 | / | 90 |
| total: | 24 | 2175g | / | 90w |
| Scout Tower | 73 | 2190 | / | 1460 |
| Arcane Tower | 1 | 70 | / | 50 |
| Guard Tower | 28 | 1960 | / | 1400 |
| Altar of Kings | 1 | 180 | / | 50 |
| Farm | 6 | 480 | / | 120 |
| Lumber Mill | 1 | 120 | / | 0 |
| Town Hall | 2 | 770 | / | 410 |
| Arcane Vault | 3 | 390 | / | 90 |
| Blacksmith | 1 | 140 | / | 60 |
| Barracks | 1 | 160 | / | 60 |
| Arcane Sanctum | 1 | 150 | / | 140 |
| Gryphon Aviary | 1 | 140 | / | 150 |
| Keep | 1 | 320 | / | 210 |
| Castle | 1 | 360 | / | 210 |
| total: | 90 | 4720g | / | 2540w |
| 0:04 | Peasant |
| 0:04 | Peasant |
| 0:07 | Altar of Kings |
| 0:09 | Farm |
| 0:25 | Peasant |
| 0:34 | Farm |
| 0:36 | Peasant |
| 0:41 | Lumber Mill |
| 0:45 | Farm |
| 0:50 | Peasant |
| 1:04 | Scout Tower |
| 1:08 | Peasant |
| 1:18 | Peasant |
| 1:28 | Peasant |
| 1:30 | Farm |
| 1:36 | Arcane Tower |
| 1:37 | Scout Tower |
| 1:41 | Peasant |
| 1:51 | Farm |
| 1:57 | Peasant |
| 2:12 | Guard Tower |
| 2:15 | Scout Tower |
| 2:16 | Summon Water Elemental |
| 2:22 | Peasant |
| 2:22 | Peasant |
| 2:29 | Scout Tower |
| 2:31 | Peasant |
| 3:08 | Peasant |
| 3:09 | Peasant |
| 3:11 | Guard Tower |
| 3:12 | Scout Tower |
| 3:34 | Peasant |
| 3:42 | Guard Tower |
| 3:43 | Scout Tower |
| 3:44 | Scout Tower |
| 4:10 | Keep |
| 4:23 | Improved Masonry |
| 4:26 | Guard Tower |
| 4:30 | Scout Tower |
| 4:32 | Farm |
| 5:07 | Guard Tower |
| 5:19 | Boots of Speed |
| 5:19 | Staff of Teleportation |
| 5:31 | Scout Tower |
| 6:18 | Town Hall |
| 6:24 | Scout Tower |
| 6:24 | Scout Tower |
| 6:28 | Brilliance Aura |
| 6:32 | Guard Tower |
| 6:34 | Scout Tower |
| 6:34 | Scout Tower |
| 7:18 | Guard Tower |
| 7:23 | Summon Water Elemental |
| 7:26 | Castle |
| 7:28 | Arcane Sanctum |
| 7:35 | Guard Tower |
| 7:41 | Scout Tower |
| 7:41 | Scout Tower |
| 7:44 | Guard Tower |
| 7:57 | Healing Salve |
| 7:58 | Lesser Clarity Potion |
| 8:03 | Scout Tower |
| 8:06 | Advanced Masonry |
| 8:06 | Improved Lumber Harvesting |
| 8:09 | Arcane Vault |
| 8:11 | Arcane Vault |
| 8:12 | Arcane Vault |
| 8:18 | Guard Tower |
| 8:20 | Scout Tower |
| 8:24 | Scout Tower |
| 8:53 | Magic Sentry |
| 9:17 | Guard Tower |
| 9:19 | Scout Tower |
| 9:19 | Scout Tower |
| 9:20 | Scout Tower |
| 9:28 | Storm Bolt |
| 10:38 | Imbued Masonry |
| 10:42 | Guard Tower |
| 10:43 | Scout Tower |
| 10:44 | Scout Tower |
| 10:45 | Scout Tower |
| 10:47 | Tome of Retraining |
| 10:47 | Retrain Hero |
| 10:48 | Staff of Teleportation |
| 10:48 | Boots of Speed |
| 10:53 | Blizzard |
| 10:53 | Blizzard |
| 10:54 | Brilliance Aura |
| 11:03 | Staff of Sanctuary |
| 11:10 | Staff of Sanctuary |
| 11:15 | Orb of Fire |
| 11:30 | Guard Tower |
| 11:32 | Scout Tower |
| 11:32 | Scout Tower |
| 11:34 | Scout Tower |
| 11:38 | Scout Tower |
| 11:39 | Scout Tower |
| 11:39 | Scout Tower |
| 11:40 | Scout Tower |
| 11:44 | Blacksmith |
| 11:46 | Barracks |
| 11:48 | Gryphon Aviary |
| 11:49 | Peasant |
| 11:50 | Peasant |
| 11:55 | Peasant |
| 11:55 | Peasant |
| 11:59 | Guard Tower |
| 12:04 | Holy Light |
| 12:11 | Orb of Fire |
| 12:14 | Staff of Sanctuary |
| 12:27 | Guard Tower |
| 13:45 | Guard Tower |
| 13:46 | Scout Tower |
| 13:47 | Scout Tower |
| 13:47 | Scout Tower |
| 13:48 | Scout Tower |
| 13:50 | Scout Tower |
| 13:50 | Scout Tower |
| 13:51 | Scout Tower |
| 13:52 | Scout Tower |
| 13:52 | Scout Tower |
| 13:53 | Scout Tower |
| 13:54 | Scout Tower |
| 13:57 | Dragonhawk Rider |
| 13:57 | Dragonhawk Rider |
| 13:58 | Dragonhawk Rider |
| 14:01 | Peasant |
| 14:02 | Studded Leather Armor |
| 14:03 | Animal War Training |
| 14:26 | Periapt of Vitality |
| 14:26 | Boots of Speed |
| 14:57 | Guard Tower |
| 15:00 | Scout Tower |
| 15:00 | Scout Tower |
| 15:00 | Scout Tower |
| 15:01 | Scout Tower |
| 15:02 | Scout Tower |
| 15:02 | Scout Tower |
| 15:02 | Scout Tower |
| 15:06 | Scout Tower |
| 15:06 | Scout Tower |
| 15:06 | Scout Tower |
| 15:06 | Scout Tower |
| 15:07 | Scout Tower |
| 15:08 | Scout Tower |
| 15:09 | Scout Tower |
| 15:09 | Scout Tower |
| 15:10 | Scout Tower |
| 15:10 | Scout Tower |
| 15:11 | Scout Tower |
| 15:13 | Orb of Lightning |
| 15:34 | Circlet of Nobility |
| 15:37 | Staff of Teleportation |
| 15:45 | Guard Tower |
| 15:58 | Guard Tower |
| 16:18 | Advanced Lumber Harvesting |
| 16:49 | Brilliance Aura |
| 17:00 | Bash |
| 17:09 | Scout Tower |
| 17:09 | Scout Tower |
| 17:37 | Guard Tower |
| 17:46 | Divine Shield |
| 18:19 | Guard Tower |
| 18:21 | Scout Tower |
| 18:22 | Scout Tower |
| 19:06 | Guard Tower |
| 19:08 | Scout Tower |
| 19:08 | Scout Tower |
| 19:51 | Guard Tower |
| 19:59 | Guard Tower |
| 20:06 | Reinforced Leather Armor |
| 20:08 | Cloud |
| 20:09 | Guard Tower |
| 20:14 | Scout Tower |
| 20:14 | Scout Tower |
| 20:17 | Scout Tower |
| 20:17 | Scout Tower |
| 20:27 | Scout Tower |
| 20:31 | Scout Tower |
| 20:33 | Scout Tower |
| 20:56 | Guard Tower |
| 21:12 | Storm Bolt |
| 21:24 | Guard Tower |
| 21:25 | Guard Tower |
| 21:32 | Town Hall |
| Right click | 1235 |
| Select group | 840 |
| Build/train/purchase | 271 |
| Select | 241 |
| Chat | 179 |
| Use ability | 63 |
| Misc. action | 61 |
| Assign group | 12 |
| Minimap ping | 12 |
| Item give/drop | 9 |
| Esc | 2 |


| Healing Salve | 2 | 200 |
| Orb of Lightning | 1 | 375 |
| Boots of Speed | 2 | 500 |
| Staff of Teleportation | 2 | 300 |
| Circlet of Nobility | 1 | 175 |
| total: | 8 | 1550g |
| Peon | 23 | 1725 | / | 0 |
| Troll Batrider | 2 | 320 | / | 80 |
| total: | 25 | 2045g | / | 80w |
| Watch Tower | 31 | 3410 | / | 2480 |
| Altar of Storms | 1 | 180 | / | 50 |
| Orc Burrow | 3 | 480 | / | 120 |
| War Mill | 1 | 205 | / | 0 |
| Voodoo Lounge | 3 | 390 | / | 90 |
| Great Hall | 1 | 385 | / | 185 |
| Beastiary | 4 | 580 | / | 560 |
| Stronghold | 1 | 315 | / | 190 |
| Fortress | 1 | 325 | / | 190 |
| total: | 44 | 5630g | / | 3485w |
| 0:03 | Peon |
| 0:03 | Peon |
| 0:06 | Altar of Storms |
| 0:19 | Orc Burrow |
| 0:23 | Peon |
| 0:44 | War Mill |
| 0:49 | Peon |
| 0:58 | Voodoo Lounge |
| 1:04 | Peon |
| 1:14 | Peon |
| 1:32 | Peon |
| 1:47 | Peon |
| 1:56 | Watch Tower |
| 2:10 | Watch Tower |
| 2:14 | Healing Salve |
| 2:17 | Wind Walk |
| 2:21 | Orc Burrow |
| 2:23 | Peon |
| 2:33 | Watch Tower |
| 2:52 | Peon |
| 2:52 | Peon |
| 3:01 | Watch Tower |
| 3:11 | Watch Tower |
| 3:33 | Watch Tower |
| 3:35 | Peon |
| 3:35 | Peon |
| 3:48 | Peon |
| 4:04 | Peon |
| 4:06 | Watch Tower |
| 4:08 | Watch Tower |
| 4:28 | Peon |
| 4:32 | Watch Tower |
| 4:38 | Voodoo Lounge |
| 4:41 | Voodoo Lounge |
| 5:09 | Watch Tower |
| 5:11 | Watch Tower |
| 5:35 | Stronghold |
| 5:57 | Watch Tower |
| 5:59 | Critical Strike |
| 6:10 | Watch Tower |
| 6:43 | Great Hall |
| 6:46 | Watch Tower |
| 6:51 | Watch Tower |
| 6:59 | Healing Salve |
| 7:18 | Watch Tower |
| 7:47 | Boots of Speed |
| 8:25 | Watch Tower |
| 8:37 | Watch Tower |
| 8:39 | Wind Walk |
| 9:03 | Watch Tower |
| 9:12 | Hex |
| 9:21 | Peon |
| 9:21 | Peon |
| 9:21 | Peon |
| 9:21 | Peon |
| 9:25 | Reinforced Defenses |
| 9:25 | Spiked Barricades |
| 9:36 | Watch Tower |
| 9:55 | Watch Tower |
| 10:31 | Watch Tower |
| 10:40 | Watch Tower |
| 10:45 | Peon |
| 10:54 | Staff of Teleportation |
| 11:01 | Boots of Speed |
| 11:02 | Circlet of Nobility |
| 11:08 | Watch Tower |
| 11:11 | Beastiary |
| 11:37 | Watch Tower |
| 11:45 | Watch Tower |
| 12:10 | Fortress |
| 12:35 | Beastiary |
| 13:01 | Watch Tower |
| 13:27 | Peon |
| 13:28 | Peon |
| 13:30 | Watch Tower |
| 13:43 | Beastiary |
| 13:51 | Staff of Teleportation |
| 14:09 | Beastiary |
| 14:38 | Orb of Lightning |
| 14:44 | Watch Tower |
| 14:56 | Liquid Fire |
| 15:07 | Orc Burrow |
| 15:25 | Watch Tower |
| 15:50 | Watch Tower |
| 16:05 | Troll Batrider |
| 16:08 | Steel Ranged Weapons |
| 17:24 | Healing Wave |
| 17:34 | Troll Batrider |
| 17:36 | Thorium Ranged Weapons |
| 17:48 | Critical Strike |
| 18:48 | Improved Spiked Barricades |
| 19:25 | Arcanite Ranged Weapons |
| Right click | 1398 |
| Select | 335 |
| Select group | 271 |
| Chat | 250 |
| Build/train/purchase | 72 |
| Misc. action | 62 |
| Use ability | 25 |
| Assign group | 5 |
| Item give/drop | 4 |
| Esc | 3 |



| Staff of Sanctuary | 2 | 500 |
| Lesser Clarity Potion | 2 | 140 |
| Boots of Speed | 2 | 500 |
| Healing Salve | 2 | 200 |
| Orb of Lightning | 1 | 375 |
| total: | 9 | 1715g |
| Peasant | 15 | 1125 | / | 0 |
| Priest | 1 | 135 | / | 10 |
| total: | 16 | 1260g | / | 10w |
| Scout Tower | 38 | 1140 | / | 760 |
| Arcane Tower | 3 | 210 | / | 150 |
| Guard Tower | 22 | 1540 | / | 1100 |
| Altar of Kings | 1 | 180 | / | 50 |
| Farm | 5 | 400 | / | 100 |
| Lumber Mill | 1 | 120 | / | 0 |
| Town Hall | 4 | 1540 | / | 820 |
| Arcane Vault | 2 | 260 | / | 60 |
| Arcane Sanctum | 1 | 150 | / | 140 |
| Keep | 1 | 320 | / | 210 |
| Castle | 1 | 360 | / | 210 |
| total: | 52 | 3790g | / | 1930w |
| 0:02 | Peasant |
| 0:02 | Peasant |
| 0:08 | Altar of Kings |
| 0:12 | Peasant |
| 0:18 | Farm |
| 0:22 | Peasant |
| 0:35 | Peasant |
| 0:43 | Farm |
| 0:49 | Peasant |
| 1:04 | Lumber Mill |
| 1:11 | Peasant |
| 1:23 | Scout Tower |
| 1:24 | Peasant |
| 1:35 | Scout Tower |
| 1:38 | Scout Tower |
| 1:38 | Peasant |
| 1:39 | Peasant |
| 1:51 | Arcane Tower |
| 2:06 | Blizzard |
| 2:13 | Guard Tower |
| 2:16 | Guard Tower |
| 2:22 | Scout Tower |
| 2:27 | Peasant |
| 2:27 | Peasant |
| 2:27 | Peasant |
| 2:29 | Scout Tower |
| 2:49 | Guard Tower |
| 3:13 | Scout Tower |
| 3:14 | Scout Tower |
| 3:28 | Peasant |
| 3:40 | Improved Masonry |
| 3:43 | Guard Tower |
| 3:45 | Scout Tower |
| 3:45 | Scout Tower |
| 3:45 | Scout Tower |
| 3:46 | Scout Tower |
| 4:09 | Keep |
| 4:11 | Farm |
| 4:12 | Farm |
| 4:28 | Guard Tower |
| 4:30 | Scout Tower |
| 4:30 | Scout Tower |
| 4:43 | Scout Tower |
| 4:43 | Scout Tower |
| 5:08 | Guard Tower |
| 5:33 | Guard Tower |
| 5:34 | Scout Tower |
| 5:36 | Scout Tower |
| 5:37 | Scout Tower |
| 6:29 | Guard Tower |
| 6:31 | Scout Tower |
| 6:32 | Guard Tower |
| 6:33 | Guard Tower |
| 6:40 | Peasant |
| 7:10 | Arcane Sanctum |
| 7:11 | Improved Lumber Harvesting |
| 7:21 | Guard Tower |
| 7:28 | Advanced Masonry |
| 7:54 | Storm Bolt |
| 7:59 | Guard Tower |
| 8:00 | Scout Tower |
| 8:01 | Scout Tower |
| 8:02 | Scout Tower |
| 8:13 | Imbued Masonry |
| 8:56 | Castle |
| 9:02 | Brilliance Aura |
| 9:23 | Town Hall |
| 9:27 | Scout Tower |
| 9:28 | Scout Tower |
| 9:29 | Scout Tower |
| 9:29 | Scout Tower |
| 9:30 | Scout Tower |
| 9:43 | Healing Salve |
| 9:59 | Guard Tower |
| 10:15 | Bash |
| 10:25 | Guard Tower |
| 10:33 | Guard Tower |
| 10:40 | Arcane Vault |
| 10:45 | Scout Tower |
| 10:46 | Scout Tower |
| 10:47 | Scout Tower |
| 11:24 | Guard Tower |
| 11:27 | Arcane Vault |
| 11:31 | Arcane Tower |
| 11:32 | Guard Tower |
| 11:35 | Magic Sentry |
| 11:36 | Priest |
| 11:43 | Scout Tower |
| 12:15 | Boots of Speed |
| 12:17 | Boots of Speed |
| 12:32 | Holy Light |
| 13:00 | Blizzard |
| 13:29 | Farm |
| 13:38 | Staff of Sanctuary |
| 13:53 | Town Hall |
| 13:58 | Advanced Lumber Harvesting |
| 14:29 | Guard Tower |
| 14:31 | Scout Tower |
| 14:39 | Orb of Lightning |
| 15:02 | Guard Tower |
| 15:35 | Healing Salve |
| 15:37 | Lesser Clarity Potion |
| 15:38 | Lesser Clarity Potion |
| 15:42 | Staff of Sanctuary |
| 16:07 | Scout Tower |
| 16:08 | Scout Tower |
| 16:09 | Scout Tower |
| 16:10 | Scout Tower |
| 16:10 | Scout Tower |
| 16:11 | Scout Tower |
| 17:27 | Divine Shield |
| 18:11 | Town Hall |
| 18:17 | Town Hall |
| 18:55 | Storm Bolt |
| 21:35 | Arcane Tower |
| Right click | 1530 |
| Chat | 442 |
| Select | 436 |
| Select group | 303 |
| Build/train/purchase | 234 |
| Use ability | 55 |
| Assign group | 12 |
| Misc. action | 7 |
| Minimap ping | 6 |
| Item give/drop | 4 |
| Resource trade | 4 |
| Remove unit | 1 |
69 units @ 11.4k
/ 1.7k
44 buildings @ 7.2k
/ 3.1k

| Dust of Appearance | 1 | 75 |
| Periapt of Vitality | 1 | 325 |
| total: | 2 | 400g |
| Wisp | 12 | 720 | / | 0 |
| Chimaera | 10 | 3300 | / | 700 |
| total: | 22 | 4020g | / | 700w |
| Ancient Protector | 1 | 135 | / | 80 |
| Altar of Elders | 1 | 180 | / | 50 |
| Moon Well | 5 | 900 | / | 200 |
| Hunter's Hall | 1 | 210 | / | 100 |
| Ancient of Wind | 1 | 150 | / | 140 |
| Chimaera Roost | 3 | 420 | / | 570 |
| Tree of Ages | 1 | 320 | / | 180 |
| Tree of Eternity | 1 | 330 | / | 200 |
| total: | 12 | 1995g | / | 1140w |
| 0:07 | Wisp |
| 0:07 | Wisp |
| 0:11 | Altar of Elders |
| 0:24 | Moon Well |
| 0:30 | Wisp |
| 0:30 | Wisp |
| 0:35 | Wisp |
| 1:16 | Hunter's Hall |
| 1:21 | Wisp |
| 1:24 | Wisp |
| 1:50 | Wisp |
| 1:55 | Wisp |
| 2:16 | Wisp |
| 2:20 | Strength of the Wild |
| 2:33 | Tree of Ages |
| 2:44 | Ancient Protector |
| 2:59 | Immolation |
| 3:02 | Reinforced Hides |
| 3:14 | Moon Well |
| 4:09 | Moon Well |
| 4:55 | Tree of Eternity |
| 4:59 | Ancient of Wind |
| 5:06 | Moon Well |
| 5:45 | Improved Strength of the Wild |
| 6:04 | Moon Well |
| 6:08 | Evasion |
| 6:56 | Periapt of Vitality |
| 7:18 | Chimaera Roost |
| 7:20 | Wisp |
| 7:24 | Chimaera Roost |
| 7:27 | Chimaera Roost |
| 7:32 | Improved Reinforced Hides |
| 7:59 | Dust of Appearance |
| 8:09 | Wisp |
| 8:52 | Chimaera |
| 8:54 | Chimaera |
| 8:57 | Chimaera |
| 9:44 | Chimaera |
| 9:51 | Evasion |
| 10:02 | Chimaera |
| 10:28 | Advanced Strength of the Wild |
| 10:59 | Chimaera |
| 11:28 | Corrosive Breath |
| 11:37 | Advanced Reinforced Hides |
| 12:12 | Chimaera |
| 13:45 | Chimaera |
| 13:47 | Well Spring |
| 13:49 | Chimaera |
| 14:37 | Chimaera |
| Right click | 163 |
| Select | 144 |
| Build/train/purchase | 44 |
| Use ability | 3 |
| Item give/drop | 1 |


| Rod of Necromancy | 2 | 300 |
| Sacrificial Skull | 1 | 50 |
| total: | 3 | 350g |
| Acolyte | 7 | 525 | / | 0 |
| Ghoul | 7 | 840 | / | 0 |
| Crypt Fiend | 9 | 1935 | / | 360 |
| total: | 23 | 3300g | / | 360w |
| Nerubian Tower | 2 | 200 | / | 40 |
| Spirit Tower | 1 | 145 | / | 40 |
| Crypt | 2 | 400 | / | 100 |
| Graveyard | 1 | 215 | / | 0 |
| Altar of Darkness | 1 | 180 | / | 50 |
| Ziggurat | 8 | 1200 | / | 400 |
| Tomb of Relics | 1 | 130 | / | 30 |
| Necropolis | 1 | 225 | / | 0 |
| Slaughterhouse | 2 | 280 | / | 270 |
| Sacrificial Pit | 1 | 75 | / | 150 |
| Boneyard | 2 | 350 | / | 400 |
| Halls of the Dead | 1 | 320 | / | 210 |
| Black Citadel | 1 | 325 | / | 230 |
| total: | 19 | 3055g | / | 1400w |
| 0:06 | Acolyte |
| 0:12 | Crypt |
| 0:21 | Acolyte |
| 0:38 | Graveyard |
| 0:43 | Altar of Darkness |
| 0:59 | Ziggurat |
| 1:13 | Ghoul |
| 1:27 | Tomb of Relics |
| 1:54 | Ziggurat |
| 2:03 | Crypt Fiend |
| 2:26 | Crypt Fiend |
| 2:48 | Rod of Necromancy |
| 2:51 | Sacrificial Skull |
| 2:57 | Death Coil |
| 3:05 | Crypt Fiend |
| 3:05 | Crypt Fiend |
| 3:22 | Acolyte |
| 3:32 | Crypt Fiend |
| 3:53 | Unholy Aura |
| 4:26 | Acolyte |
| 4:26 | Acolyte |
| 4:27 | Acolyte |
| 4:27 | Acolyte |
| 4:35 | Ziggurat |
| 5:10 | Ziggurat |
| 5:12 | Death Coil |
| 5:26 | Rod of Necromancy |
| 5:29 | Ghoul |
| 5:29 | Ghoul |
| 5:58 | Halls of the Dead |
| 6:01 | Nerubian Tower |
| 6:16 | Ghoul |
| 6:26 | Necropolis |
| 6:28 | Ziggurat |
| 6:40 | Ghoul |
| 6:40 | Ghoul |
| 6:47 | Ziggurat |
| 7:13 | Crypt Fiend |
| 7:13 | Crypt Fiend |
| 7:16 | Spirit Tower |
| 7:23 | Ziggurat |
| 7:27 | Unholy Aura |
| 7:49 | Creature Attack |
| 7:49 | Creature Carapace |
| 7:53 | Ghoul |
| 8:14 | Ziggurat |
| 8:19 | Black Citadel |
| 8:34 | Black Arrow |
| 8:53 | Slaughterhouse |
| 9:01 | Slaughterhouse |
| 9:05 | Sacrificial Pit |
| 9:07 | Crypt |
| 9:37 | Silence |
| 10:05 | Crypt Fiend |
| 10:46 | Boneyard |
| 10:47 | Boneyard |
| 10:49 | Crypt Fiend |
| 10:51 | Destroyer Form |
| Right click | 363 |
| Select | 172 |
| Select group | 130 |
| Build/train/purchase | 69 |
| Assign group | 68 |
| Use ability | 37 |
| Misc. action | 6 |
| Item give/drop | 5 |
| Remove unit | 4 |
| Minimap ping | 3 |


| Rod of Necromancy | 2 | 300 |
| total: | 2 | 300g |
| Acolyte | 8 | 600 | / | 0 |
| Ghoul | 4 | 480 | / | 0 |
| Crypt Fiend | 8 | 1720 | / | 320 |
| Chimaera | 4 | 1320 | / | 280 |
| total: | 24 | 4120g | / | 600w |
| Spirit Tower | 1 | 145 | / | 40 |
| Graveyard | 1 | 215 | / | 0 |
| Crypt | 1 | 200 | / | 50 |
| Ziggurat | 7 | 1050 | / | 350 |
| Altar of Darkness | 1 | 180 | / | 50 |
| Tomb of Relics | 1 | 130 | / | 30 |
| Halls of the Dead | 1 | 320 | / | 210 |
| Black Citadel | 1 | 325 | / | 230 |
| Moon Well | 2 | 360 | / | 80 |
| total: | 13 | 2135g | / | 560w |
| 0:03 | Acolyte |
| 0:03 | Acolyte |
| 0:12 | Graveyard |
| 0:16 | Crypt |
| 0:20 | Acolyte |
| 0:39 | Ziggurat |
| 1:04 | Altar of Darkness |
| 1:18 | Ghoul |
| 1:35 | Crypt Fiend |
| 1:47 | Tomb of Relics |
| 2:10 | Crypt Fiend |
| 2:25 | Ziggurat |
| 2:40 | Creature Attack |
| 3:05 | Rod of Necromancy |
| 3:09 | Death Coil |
| 3:16 | Crypt Fiend |
| 3:36 | Ziggurat |
| 3:52 | Crypt Fiend |
| 3:52 | Crypt Fiend |
| 4:10 | Unholy Aura |
| 4:18 | Crypt Fiend |
| 5:37 | Acolyte |
| 5:37 | Acolyte |
| 5:37 | Acolyte |
| 5:37 | Acolyte |
| 5:38 | Acolyte |
| 6:16 | Crypt Fiend |
| 6:16 | Crypt Fiend |
| 6:18 | Ziggurat |
| 6:48 | Rod of Necromancy |
| 6:56 | Halls of the Dead |
| 7:35 | Death Coil |
| 8:56 | Creature Carapace |
| 9:04 | Ziggurat |
| 9:05 | Ziggurat |
| 9:09 | Ziggurat |
| 9:16 | Ghoul |
| 9:16 | Ghoul |
| 9:18 | Ghoul |
| 9:32 | Black Arrow |
| 9:56 | Unholy Aura |
| 10:44 | Web |
| 10:47 | Improved Creature Attack |
| 11:15 | Silence |
| 12:24 | Black Arrow |
| 13:11 | Black Citadel |
| 15:06 | Spirit Tower |
| 15:10 | Improved Creature Carapace |
| 15:53 | Chimaera |
| 16:15 | Chimaera |
| 16:15 | Chimaera |
| 16:15 | Chimaera |
| 16:17 | Moon Well |
| 16:24 | Moon Well |
| Right click | 538 |
| Chat | 515 |
| Select | 235 |
| Select group | 182 |
| Build/train/purchase | 61 |
| Misc. action | 27 |
| Assign group | 23 |
| Resource trade | 15 |
| Use ability | 14 |
| Minimap ping | 3 |
| Item give/drop | 2 |
| Remove unit | 1 |
| Esc | 1 |